 Dungeon Crawl Stone Soup version 0.30-a0-1082-g70414cbcbb (webtiles) character file.

Game seed: 17733349242719589529

977 xian the Magician (level 7, 0/48 HPs)
             Began as a Demonspawn Hedge Wizard on Apr 15, 2023.
             Slain by a sky beast (5 damage)
             ... on level 6 of the Dungeon.
             The game lasted 00:13:00 (5658 turns).

xian the Magician (Demonspawn Hedge Wizard)         Turns: 5658, Time: 00:13:01

Health: 0/48       AC:  9    Str: 11    XL:     7   Next: 95%
Magic:  13/15      EV: 12    Int: 17    God:
Gold:   172        SH:  0    Dex: 12    Spells: 6/17 levels left

rFire   . . .      SeeInvis .    r - staff of poison
rCold   . . .      Faith    .    (no shield)
rNeg    . . .      Spirit   .    l - +0 leather armour
rPois   +          Reflect  .    c - +0 hat
rElec   .          Rampage  .    k - +2 cloak
rCorr   .                        t - +0 pair of gloves
Will    +....                    (no boots)
Stlth   ++                       (no amulet)
HPRegen 0.28/turn                q - ring of wizardry
MPRegen 0.28/turn                y - ring of willpower

@: no status effects
A: yellow scales 1, magic regeneration, weakness stinger 1
a: no special abilities


You were on level 6 of the Dungeon.
You visited 1 branch of the dungeon, and saw 6 of its levels.

You collected 172 gold pieces.

Inventory:

Hand Weapons
 a - a +0 dagger
Missiles
 e - a throwing net
Armour
 c - a +0 hat (worn)
 k - a +2 cloak (worn)
 l - a +0 leather armour (worn)
 t - a +0 pair of gloves (worn)
Magical Staves
 r - a staff of poison (weapon)
Jewellery
 q - a ring of wizardry (left hand)
 y - a ring of willpower (right hand)
Wands
 C - a wand of iceblast (11)
Scrolls
 h - 2 scrolls of fog
 j - 2 scrolls of immolation
 m - a scroll of enchant weapon
 o - a scroll of poison
 v - 2 scrolls of blinking
 w - 4 scrolls of teleportation
 A - a scroll of amnesia
 B - 2 scrolls of identify
Potions
 b - a potion of cancellation {unknown}
 d - 3 potions of magic
 f - 3 potions of heal wounds {unknown}
 g - a potion of lignification {unknown}
 i - a potion of attraction {unknown}
 n - 2 potions of ambrosia {unknown}
 p - a potion of haste {unknown}
 s - a potion of curing {unknown}
 u - 2 potions of flight {unknown}
 x - a potion of invisibility {unknown}
 z - a potion of berserk rage {unknown}
 D - a potion of degeneration {unknown}


   Skills:
 + Level 1.5 Fighting
 + Level 0.9 Short Blades
 + Level 1.5 Staves
 + Level 2.5 Armour
 + Level 3.0 Dodging
 + Level 2.6 Stealth
 + Level 5.8 Spellcasting
 + Level 3.4 Conjurations
 + Level 0.5 Hexes
 + Level 2.5 Summonings
 + Level 0.8 Translocations
 + Level 0.5 Air Magic
 + Level 0.8 Poison Magic


You had 6 spell levels left.
You knew the following spells:

 Your Spells              Type           Power      Damage    Failure   Level
a - Magic Dart            Conj           64%        1d6       1%          1
b - Call Imp              Summ           26%        N/A       4%          2
c - Slow                  Hex            24%        N/A       6%          1
d - Blink                 Tloc           14%        N/A       8%          2
e - Mephitic Cloud        Conj/Pois/Air  15%        N/A       11%         3
f - Poisonous Vapours     Pois/Air       20%        N/A       9%          2

Your spell library contained the following spells:

 Spells                   Type           Power      Damage    Failure   Level
 Cigotuvi's Dreadful Rot  Necr/Pois/Air  18%        N/A       9%          2
 Freezing Cloud           Conj/Ice/Air   4%         6-21      69%         5


Dungeon Overview and Level Annotations

Branches:
Dungeon (6/15)
 Temple: D:4-7

Altars:
Kikubaaqudgha
Nemelex Xobeh
Okawaru
Uskayaw

Shops:
D:1 [   D:5 [


Innate Abilities, Weirdness & Mutations

You are partially covered in yellow scales. (AC +2)
You regenerate magic rapidly.
You have a small tail.


Message History

A sky beast appears from thin air!
Reactivating autopickup.
The sky beast hits you but does no damage.
You hit the sky beast.
The sky beast is heavily wounded.
The sky beast hits you but does no damage.
You hit the sky beast.
The sky beast is heavily wounded.
The sky beast hits you but does no damage.
You hit the sky beast but do no damage.
The sky beast is severely wounded.
The sky beast flickers out of sight!
Deactivating autopickup; reactivate with Ctrl-A.
Something barely misses you. Something hits you but does no damage.
You closely miss something. Something hits you but does no damage.
Unknown command.
You miss something. Something hits you but does no damage.
You miss something. Something hits you but does no damage.
You closely miss something. Something hits you. Something shocks you.
Unknown command.
You hit something but do no damage. Something hits you. Something shocks you.
You closely miss something. Something hits you. Something shocks you.
* * * LOW HITPOINT WARNING * * *
You miss something. Something hits you but does no damage. Something hits you.
* * * LOW HITPOINT WARNING * * *
Something shocks you.
* * * LOW HITPOINT WARNING * * *
You hit something. Something hits you but does no damage.
Casting: Poisonous Vapours (safe; 9% risk of failure)
Confirm with . or Enter, or press ? or * to list all spells.
You can't see any susceptible monsters within range! (Use Z to cast anyway.)
Casting: Poisonous Vapours (safe; 9% risk of failure)
Confirm with . or Enter, or press ? or * to list all spells.
Aiming: Poisonous Vapours (safe; 9% risk of failure)
Press: ? - help, Dir - move target You feel a surge of power!
Poisonous vapours surround something!
Something hits you.
* * * LOW HITPOINT WARNING * * *
Something shocks you.
You die...

#..#..##..
.........
.........
......
.....
#..##
#.{##
#<@.#
#..#......
#..# .....
#... ....
...#. ...
#..###. ..
..## .. .
... ..


There were no monsters in sight!

Vanquished Creatures
  A water moccasin (D:5)
  A black bear (D:4)
  An ice beast (D:5)
  An ogre (D:5)
  A phantom (D:4)
  A scorpion (D:4)
  A howler monkey (D:3)
  2 iguanas
  3 sleepcaps
  7 adders
  3 worms
  5 orcs
  8 bats
  8 endoplasms
  3 giant cockroaches
  7 goblins
  6 hobgoblins
  A jackal (D:5)
  5 quokkas
  8 ball pythons
  2 frilled lizards
  5 kobolds
  3 rats
  2 rat zombies (D:3)
85 creatures vanquished.

Vanquished Creatures (collateral kills)
  A sky beast (D:5)
  A jelly (D:5)
  A sleepcap (D:5)
  An adder (D:3)
  3 jackals (D:5)
7 creatures vanquished.

Vanquished Creatures (others)
  15 fungi (D:4)
15 creatures vanquished.

Grand Total: 107 creatures vanquished

Notes
Turn   | Place    | Note
-------+----------+-------------------------------------------
     0 | D:1      | xian the Demonspawn Hedge Wizard began the quest for the
                  | Orb.
     0 | D:1      | Reached XP level 1. HP: 13/13 MP: 4/4
   360 | D:1      | Gained mutation: You regenerate magic rapidly. [demonic
                  | ancestry]
   360 | D:1      | Reached XP level 2. HP: 19/19 MP: 1/6
   363 | D:1      | Learned a level 2 spell: Call Imp
   752 | D:1      | Found Vixtiegu's Armour Emporium.
   928 | D:2      | Reached XP level 3. HP: 21/24 MP: 1/8
   930 | D:2      | Learned a level 1 spell: Slow
   933 | D:2      | Learned a level 2 spell: Blink
  1302 | D:2      | Reached skill level 4 in Spellcasting
  1330 | D:2      | Reached XP level 4. HP: 28/30 MP: 3/10
  1772 | D:2      | Found a faded altar of an unknown god.
  2232 | D:3      | Found an iron altar of Okawaru.
  2253 | D:3      | Learned a level 3 spell: Mephitic Cloud
  2379 | D:3      | Reached XP level 5. HP: 36/36 MP: 7/11
  2430 | D:3      | Reached skill level 1 in Armour
  2456 | D:3      | Found an ancient bone altar of Kikubaaqudgha.
  3471 | D:4      | Noticed a phantom
  3511 | D:4      | Killed a phantom
  3512 | D:4      | Gained mutation: You have a small tail. [demonic ancestry]
  3512 | D:4      | Reached XP level 6. HP: 24/42 MP: 11/13
  3612 | D:4      | Reached skill level 1 in Fighting
  3717 | D:4      | Found a sparkling altar of Nemelex Xobeh.
  4291 | D:4      | Reached skill level 5 in Spellcasting
  4377 | D:4      | Learned a level 2 spell: Poisonous Vapours
  4406 | D:5      | Entered Level 5 of the Dungeon
  4532 | D:5      | Gained mutation: You are partially covered in yellow
                  | scales. (AC +2) [demonic ancestry]
  4532 | D:5      | Reached XP level 7. HP: 27/48 MP: 5/14
  4729 | D:5      | Reached skill level 1 in Staves
  4845 | D:5      | Found a hide-covered altar of Uskayaw.
  5009 | D:5      | HP: 1/48 [ogre/+0 giant club (16)]
  5362 | D:5      | Found Ycangez's Armour Emporium.
  5658 | D:6      | Slain by a sky beast

Illustrated notes

Levels and vault maps discovered:
D:1:      ncdulo_smallfort, layout_basic, serial_shops, nicolae_shop_trees,
          minmay_heptomino_w4
D:2:      layout_loops_ring, shapermc_ecumenical_altar_mp_vishouse
D:3:      minmay_wonky_spiral, layout_basic, lemuel_zombie_altar_kikubaaqudgha,
          okawaru_ov_weapons_minmay, kennysheep_potato
D:4:      layout_cave_pods, mainiacjoe_overflow_chevrons,
          chequers_serial_rivers_small_b
D:5:      layout_basic, nicolae_uskayaw_suspiria, serial_shops,
          nicolae_lakefront_shop
D:6:      layout_cave_pools, lemuel_mausoleum_altar_yredelemnul,
          gammafunk_temple_overflow_wave, minmay_gold_behind_fungi,
          uniq_grinder, uniq_pikel, uniq_eustachio

Skill      XL: |  1  2  3  4  5  6  7 |
---------------+----------------------+-----
Stealth        | 2 |  2.6
Dodging        | 2 3 |  3.0
Spellcasting   | 4 5 |  5.8
Conjurations   | 2 3 |  3.4
Armour         | 1 2 |  2.5
Fighting       | 1 |  1.5
Summonings     | 2 |  2.5
Staves         | 1 |  1.5
Short Blades   | |  0.9
Hexes          | |  0.5
Translocations | |  0.8
Air Magic      | |  0.5
Poison Magic   | |  0.8

Action                     |  1- 3 |  4- 6 |  7- 9 || total
---------------------------+-------+-------+-------++-------
  Melee: Dagger            |    53 |    22 |       ||    75
         Staff             |       |   104 |    99 ||   203
         Punch             |       |     2 |     2 ||     4
         Tailslap          |       |     9 |    22 ||    31
   Cast: Magic Dart        |    93 |   153 |     6 ||   252
         Slow              |     3 |     1 |     2 ||     6
         Call Imp          |     1 |     8 |    10 ||    19
         Mephitic Cloud    |       |     3 |       ||     3
         Poisonous Vapours |       |     1 |     6 ||     7
    Use: Scroll            |     2 |     6 |       ||     8
   Stab: Distracted        |       |     1 |     1 ||     2
         Sleeping          |       |       |     2 ||     2
 Armour: Robe              |     1 |       |       ||     1
         Leather armour    |    19 |    40 |    49 ||   108
  Dodge: Dodged            |    48 |    95 |    54 ||   197

Table legend: (Time is in decaauts)
 A = Elapsed time spent in this place.
 B = Non-inter-level travel time spent in this place.
 C = Inter-level travel time spent in this place.
 D = Time resting spent in this place.
 E = Time spent auto-exploring this place.
 F = Levels seen in this place.
 G = Mean time per level.
                   A        B        C        D        E       F      G
               +--------+--------+--------+--------+--------+-----+--------+
         Total |   5690 |   5452 |    238 |      0 |   4338 |   6 |  948.3 |
       Dungeon |   5690 |   5452 |    238 |      0 |   4338 |   6 |  948.3 |
               +--------+--------+--------+--------+--------+-----+--------+

Top non-repeatable levels by time:
     D:4: 1374 daAuts
     D:5: 1228 daAuts
     D:2: 1210 daAuts
     D:3: 951 daAuts
     D:1: 885 daAuts
     D:6: 40 daAuts
